SAA
MYRTLE BEACH MERMEN @ BETHESDA ATOMS
08/18/2028
 
TOP OF THE 1ST
Myrtle Beach Mermen batting - Pitching for Bethesda Atoms : LHP Arnie Banks
Pitching: LHP Arnie Banks
Batting: RHB Sixto Estrada 0-0: Swinging Strike
0-1: Called Strike
0-2: Strikes out looking
Batting: RHB Carlos González 0-0: Ball
1-0: Swinging Strike
1-1: Ball
2-1: Foul Ball, location: 2F
2-2: Ball
3-2: Foul Ball, location: 2F
3-2: Base on Balls
Batting: LHB Juan Villanueva 0-0: Foul Ball, location: 2F
0-1: Swinging Strike
0-2: Ground out U3 (Groundball, 34)
Carlos González to second
Batting: LHB Ferris Minor 0-0: Fly out, F8 (Flyball, 89M)
Top of the 1st over - 0 run(s), 0 hit(s), 0 error(s), 1 left on base; Myrtle Beach 0 - Bethesda 0
BOTTOM OF THE 1ST
Bethesda Atoms batting - Pitching for Myrtle Beach Mermen : RHP Jordan Turpin
Pitching: RHP Jordan Turpin
Batting: RHB Héctor Amador 0-0: Swinging Strike
0-1: Foul Ball, location: 2F
0-2: Foul Ball, location: 2F
0-2: Ball
1-2: Strikes out swinging
Batting: RHB Renato Zuvic 0-0: Ball
1-0: Swinging Strike
1-1: Called Strike
1-2: Foul Ball, location: 2F
1-2: Ball
2-2: Foul Ball, location: 2F
2-2: Strikes out looking
Batting: SHB Nuygen Vuong 0-0: Ground out U3 (Groundball, 34)
Bottom of the 1st over - 0 run(s), 0 hit(s), 0 error(s), 0 left on base; Myrtle Beach 0 - Bethesda 0
TOP OF THE 2ND
Myrtle Beach Mermen batting - Pitching for Bethesda Atoms : LHP Arnie Banks
Batting: RHB Fernando Martínez 0-0: Foul Ball, location: 2F
0-1: Called Strike
0-2: Fly out, F2 (Popup, 5S)
Batting: LHB Shigenobu Ohayashi 0-0: Called Strike
0-1: Fly out, F7 (Flyball, 78M)
Batting: LHB Marcos Costa 0-0: Called Strike
0-1: Ball
1-1: Swinging Strike
1-2: Foul Ball, location: 2F
1-2: Ball
2-2: Foul Ball, location: 2F
2-2: Strikes out swinging, 2-3 out at first.
Top of the 2nd over - 0 run(s), 0 hit(s), 0 error(s), 0 left on base; Myrtle Beach 0 - Bethesda 0
BOTTOM OF THE 2ND
Bethesda Atoms batting - Pitching for Myrtle Beach Mermen : RHP Jordan Turpin
Batting: RHB Albert Zamudio 0-0: Ball
1-0: Called Strike
1-1: Called Strike
1-2: Fly out, F8 (Flyball, 8LD)
Batting: RHB Patrick Eggen 0-0: Called Strike
0-1: Fly out, F6 (Flyball, 6D)
Batting: RHB Jorge Cortéz 0-0: Ball
1-0: Ball
2-0: Foul Ball, location: 2F
2-1: Swinging Strike
2-2: Foul Ball, location: 2F
2-2: Ball
3-2: Ground out 4-3 (Groundball, 4)
Bottom of the 2nd over - 0 run(s), 0 hit(s), 0 error(s), 0 left on base; Myrtle Beach 0 - Bethesda 0
TOP OF THE 3RD
Myrtle Beach Mermen batting - Pitching for Bethesda Atoms : LHP Arnie Banks
Batting: RHB Mark Frisby 0-0: Ball
1-0: Ball
2-0: Called Strike
2-1: Foul Ball, location: 2F
2-2: Strikes out looking
Batting: RHB Jorge Reyes 0-0: Ball
1-0: Called Strike
1-1: Ball
2-1: Ball
3-1: Ground out 5-3 (Groundball, 5)
Batting: RHB Sixto Estrada 0-0: Foul Ball, location: 2F
0-1: Ball
1-1: Foul Ball, location: 2F
1-2: Ball
2-2: Foul Ball, location: 2F
2-2: Ball
3-2: Foul Ball, location: 2F
3-2: SINGLE (Groundball, 56D)
Batting: RHB Carlos González 0-0: Ball
1-0: Ball
2-0: Ball
3-0: Called Strike
3-1: Fly out, F9 (Line Drive, 89M)
Top of the 3rd over - 0 run(s), 1 hit(s), 0 error(s), 1 left on base; Myrtle Beach 0 - Bethesda 0
BOTTOM OF THE 3RD
Bethesda Atoms batting - Pitching for Myrtle Beach Mermen : RHP Jordan Turpin
Batting: RHB Carlos Deleón 0-0: Called Strike
0-1: Swinging Strike
0-2: Foul Ball, location: 2F
0-2: Ball
1-2: SINGLE (Groundball, 34D)
Batting: SHB Pedro Ortega 0-0: SINGLE (Groundball, 4MD)
Carlos Deleón to second
Batting: RHB Enrique Ibarra 0-0: Ball
1-0: Ball
2-0: Ball
3-0: Called Strike
3-1: Foul Ball, location: 2F
3-2: Base on Balls
Carlos Deleón to third
Pedro Ortega to second
Batting: RHB Héctor Amador 0-0: Called Strike
0-1: SINGLE (Groundball, 34D)
Carlos Deleón scores
Pedro Ortega to third
Enrique Ibarra to second
Runner from 3rd tries for Home, SAFE, no throw
Batting: RHB Renato Zuvic 0-0: Called Strike
Enrique Ibarra steals 3rd base
Héctor Amador to second
0-1: Ball
1-1: Foul Ball, location: 2F
1-2: Strikes out swinging
Batting: SHB Nuygen Vuong 0-0: Called Strike
0-1: DOUBLE (Line Drive, 9LM)
Enrique Ibarra scores
Héctor Amador scores
Batting: RHB Albert Zamudio 0-0: Ball
1-0: SINGLE (Groundball, 6) (infield hit)
Nuygen Vuong to third
Batting: RHB Patrick Eggen 0-0: Ball
1-0: Swinging Strike
1-1: Called Strike
1-2: Fly out, F8 (Flyball, 8LM)
Runner from 3rd tags up, SCORES, no throw
Batting: RHB Jorge Cortéz 0-0: Ball
1-0: Swinging Strike
1-1: Ball
2-1: Called Strike
2-2: Ball
Albert Zamudio steals 2nd base
3-2: SINGLE (Groundball, 56) (infield hit)
Albert Zamudio to third
Batting: RHB Carlos Deleón 0-0: Ball
1-0: Called Strike
1-1: SINGLE (Groundball, 34D)
Albert Zamudio scores
Jorge Cortéz to second
Runner from 2nd tries for 3rd, SAFE, throw made to third
Batting: SHB Pedro Ortega 0-0: Foul Ball, location: 2F
0-1: Foul Ball, location: 2F
0-2: Ball
1-2: Foul Ball, location: 2F
1-2: Fielders Choice at 2nd, 4-6 (Groundball, 4)
Bottom of the 3rd over - 6 run(s), 7 hit(s), 0 error(s), 1 left on base; Myrtle Beach 0 - Bethesda 6
TOP OF THE 4TH
Myrtle Beach Mermen batting - Pitching for Bethesda Atoms : LHP Arnie Banks
Batting: LHB Juan Villanueva 0-0: Ground out 4-3 (Groundball, 4)
Batting: LHB Ferris Minor 0-0: Called Strike
0-1: Ground out U3 (Groundball, 34)
Batting: RHB Fernando Martínez 0-0: Foul Ball, location: 2F
0-1: Ball
1-1: Ball
2-1: Foul Ball, location: 2F
2-2: Ball
3-2: TRIPLE (Flyball, 78D)
Batting: LHB Shigenobu Ohayashi 0-0: Fly out, F9 (Flyball, 9LSF)
Top of the 4th over - 0 run(s), 1 hit(s), 0 error(s), 1 left on base; Myrtle Beach 0 - Bethesda 6
BOTTOM OF THE 4TH
Bethesda Atoms batting - Pitching for Myrtle Beach Mermen : RHP Jordan Turpin
Batting: RHB Enrique Ibarra 0-0: Called Strike
0-1: Foul Ball, location: 2F
0-2: Strikes out looking
Batting: RHB Héctor Amador 0-0: Ball
1-0: Fly out, F8 (Flyball, 8LD)
Batting: RHB Renato Zuvic 0-0: Foul Ball, location: 2F
0-1: Ball
1-1: Ball
2-1: Foul Ball, location: 2F
2-2: Ball
3-2: Foul Ball, location: 2F
3-2: Base on Balls
Batting: SHB Nuygen Vuong 0-0: Called Strike
Renato Zuvic steals 2nd base
0-1: Foul Ball, location: 2F
0-2: Strikes out looking
Bottom of the 4th over - 0 run(s), 0 hit(s), 0 error(s), 1 left on base; Myrtle Beach 0 - Bethesda 6
TOP OF THE 5TH
Myrtle Beach Mermen batting - Pitching for Bethesda Atoms : LHP Arnie Banks
Batting: LHB Marcos Costa 0-0: Ball
1-0: Ball
2-0: Foul Ball, location: 2F
2-1: Foul Ball, location: 2F
2-2: Fly out, F7 (Flyball, 7)
Batting: RHB Mark Frisby 0-0: Foul Ball, location: 2F
0-1: Swinging Strike
0-2: Ball
1-2: Strikes out swinging
Batting: RHB Jorge Reyes 0-0: Called Strike
0-1: Foul Ball, location: 2F
0-2: Foul Ball, location: 2F
0-2: Ball
1-2: Strikes out swinging
Top of the 5th over - 0 run(s), 0 hit(s), 0 error(s), 0 left on base; Myrtle Beach 0 - Bethesda 6
BOTTOM OF THE 5TH
Bethesda Atoms batting - Pitching for Myrtle Beach Mermen : RHP Jordan Turpin
Pitching: RHP Chris Hayes
Batting: RHB Albert Zamudio 0-0: Called Strike
0-1: Foul Ball, location: 2F
0-2: Foul Ball, location: 2F
0-2: Strikes out swinging
Batting: RHB Patrick Eggen 0-0: Ball
1-0: Ball
2-0: Ball
3-0: Called Strike
3-1: Foul Ball, location: 2F
3-2: Foul Ball, location: 2F
3-2: Strikes out looking
Batting: RHB Jorge Cortéz 0-0: Swinging Strike
0-1: Ball
1-1: Ball
2-1: Swinging Strike
2-2: Foul Ball, location: 2F
2-2: Ground out 4-3 (Groundball, 4)
Bottom of the 5th over - 0 run(s), 0 hit(s), 0 error(s), 0 left on base; Myrtle Beach 0 - Bethesda 6
TOP OF THE 6TH
Myrtle Beach Mermen batting - Pitching for Bethesda Atoms : LHP Arnie Banks
Batting: RHB Sixto Estrada 0-0: Ball
1-0: Ball
2-0: Ball
3-0: Called Strike
3-1: Fly out, F8 (Line Drive, 8RM)
Batting: RHB Carlos González 0-0: Swinging Strike
0-1: DOUBLE (Line Drive, 89D)
Batting: LHB Juan Villanueva 0-0: Called Strike
0-1: SINGLE (Groundball, 2L) (infield hit)
Carlos González to third
Batting: LHB Ferris Minor 0-0: Ball
1-0: Swinging Strike
1-1: Foul Ball, location: 2F
1-2: Ball
2-2: Fielders Choice at 2nd, 6-4 (Groundball, 6)
Carlos González scores
Batting: RHB Fernando Martínez 0-0: Ball
1-0: Called Strike
1-1: Called Strike
1-2: Fly out, F4 (Popup, 34)
Top of the 6th over - 1 run(s), 2 hit(s), 0 error(s), 1 left on base; Myrtle Beach 1 - Bethesda 6
BOTTOM OF THE 6TH
Bethesda Atoms batting - Pitching for Myrtle Beach Mermen : RHP Chris Hayes
Batting: RHB Carlos Deleón 0-0: Called Strike
0-1: Foul Ball, location: 2F
0-2: Strikes out swinging
Batting: SHB Pedro Ortega 0-0: Foul Ball, location: 2F
0-1: Ball
1-1: Foul Ball, location: 2F
1-2: Ball
2-2: Foul Ball, location: 2F
2-2: Strikes out looking
Batting: RHB Enrique Ibarra 0-0: DOUBLE (Groundball, 3L)
Batting: RHB Héctor Amador 0-0: Called Strike
0-1: Called Strike
0-2: Ball
1-2: Ball
2-2: Foul Ball, location: 2F
2-2: Strikes out looking
Bottom of the 6th over - 0 run(s), 1 hit(s), 0 error(s), 1 left on base; Myrtle Beach 1 - Bethesda 6
TOP OF THE 7TH
Myrtle Beach Mermen batting - Pitching for Bethesda Atoms : LHP Arnie Banks
Batting: LHB Shigenobu Ohayashi 0-0: Swinging Strike
0-1: Called Strike
0-2: Ball
1-2: Strikes out swinging
Batting: LHB Marcos Costa 0-0: Ball
1-0: Called Strike
1-1: Called Strike
1-2: Strikes out swinging
Batting: RHB Mark Frisby 0-0: Ball
1-0: SINGLE (Line Drive, 6D)
Batting: RHB Jorge Reyes 0-0: Ball
1-0: Fly out, F9 (Flyball, 9)
Top of the 7th over - 0 run(s), 1 hit(s), 0 error(s), 1 left on base; Myrtle Beach 1 - Bethesda 6
BOTTOM OF THE 7TH
Bethesda Atoms batting - Pitching for Myrtle Beach Mermen : RHP Chris Hayes
Batting: RHB Renato Zuvic 0-0: Called Strike
0-1: Swinging Strike
0-2: SINGLE (Groundball, 6D)
Batting: SHB Nuygen Vuong 0-0: Ball
1-0: Ball
2-0: Called Strike
2-1: Called Strike
2-2: Ball
3-2: Foul Ball, location: 2F
3-2: DOUBLE (Line Drive, 78XD)
Renato Zuvic to third
Batting: RHB Albert Zamudio 0-0: Ball
1-0: Ball
2-0: Foul Ball, location: 2F
2-1: Called Strike
2-2: Strikes out swinging
Batting: RHB Patrick Eggen 0-0: Called Strike
0-1: Ball
1-1: Ball
2-1: Foul Ball, location: 2F
2-2: Foul Ball, location: 2F
2-2: Foul Ball, location: 2F
2-2: Ground out 5-3 (Groundball, 56)
Renato Zuvic scores
Batting: RHB Jorge Cortéz 0-0: Ball
1-0: Foul Ball, location: 2F
1-1: Ball
2-1: Fly out, F8 (Flyball, 8RS)
Bottom of the 7th over - 1 run(s), 2 hit(s), 0 error(s), 1 left on base; Myrtle Beach 1 - Bethesda 7
TOP OF THE 8TH
Myrtle Beach Mermen batting - Pitching for Bethesda Atoms : LHP Arnie Banks
Now in CF: Bob Lambert
Batting: RHB Sixto Estrada 0-0: Ball
1-0: Foul Ball, location: 2F
1-1: Called Strike
1-2: Strikes out swinging
Batting: RHB Carlos González 0-0: Swinging Strike
0-1: Foul Ball, location: 2F
0-2: Ground out 6-3 (Groundball, 6)
Batting: LHB Juan Villanueva 0-0: Foul Ball, location: 2F
0-1: Reached on error, E3 (Groundball, 3L)
Batting: LHB Ferris Minor 0-0: Ball
1-0: Fly out, F8 (Flyball, 8LD)
Top of the 8th over - 0 run(s), 0 hit(s), 1 error(s), 1 left on base; Myrtle Beach 1 - Bethesda 7
BOTTOM OF THE 8TH
Bethesda Atoms batting - Pitching for Myrtle Beach Mermen : RHP Chris Hayes
Batting: RHB Carlos Deleón 0-0: Fly out, F9 (Flyball, 9LMF)
Batting: SHB Pedro Ortega 0-0: Ball
1-0: Foul Ball, location: 2F
1-1: Called Strike
1-2: Ball
2-2: Ground out 4-3 (Groundball, 4)
Batting: RHB Enrique Ibarra 0-0: Called Strike
0-1: Called Strike
0-2: Ball
1-2: Strikes out swinging
Bottom of the 8th over - 0 run(s), 0 hit(s), 0 error(s), 0 left on base; Myrtle Beach 1 - Bethesda 7
TOP OF THE 9TH
Myrtle Beach Mermen batting - Pitching for Bethesda Atoms : LHP Arnie Banks
Pitching: LHP Hakan Yilmanz
Now at 1B: Carlos Soto
Batting: RHB Fernando Martínez 0-0: Ball
1-0: Ball
2-0: Ball
3-0: Called Strike
3-1: Swinging Strike
3-2: Ground out 6-3 (Groundball, 6)
Batting: LHB Shigenobu Ohayashi 0-0: Foul Ball, location: 2F
0-1: Ball
1-1: Foul Ball, location: 2F
1-2: Foul Ball, location: 2F
1-2: Strikes out swinging
Batting: LHB Marcos Costa 0-0: Ball
1-0: Ball
2-0: Ball
3-0: Called Strike
3-1: Base on Balls
Batting: RHB Mark Frisby 0-0: Ball
1-0: Swinging Strike
1-1: Foul Ball, location: 2F
1-2: Foul Ball, location: 2F
1-2: Foul Ball, location: 2F
1-2: Foul Ball, location: 2F
1-2: Ball
2-2: Strikes out looking
Top of the 9th over - 0 run(s), 0 hit(s), 0 error(s), 1 left on base; Myrtle Beach 1 - Bethesda 7
Friday, August 25th, 2017 - OOTP Baseball 17.12 Build 75